 Dungeon Crawl Stone Soup version 0.21-a0-472-g223bcb9 (webtiles) character file.

35 slep the Skirmisher (level 3, -5/29 HPs)
             Began as a Demonspawn Monk on Nov 22, 2017.
             Slain by a goblin
             ... wielding a +0 club
              (7 damage)
             ... on level 2 of the Dungeon.
             The game lasted 00:02:49 (664 turns).

slep the Skirmisher (Demonspawn Monk)                Turns: 664, Time: 00:02:49

Health: -5/29      AC:  2    Str: 12    XL:     3   Next: 16%
Magic:  3/3        EV: 13    Int: 11    God:
Gold:   27         SH:  0    Dex: 15    Spells: 2/2 levels left

rFire    . . .     SeeInvis .   a - +0 falchion
rCold    . . .     Gourm    .   (no shield)
rNeg     . . .     Faith    .   b - +0 robe
rPois    .         Spirit   .   (no helmet)
rElec    .         Reflect  .   (no cloak)
rCorr    .         Harm     .   (no gloves)
MR       .....                  (no boots)
Stlth    ++........             (no amulet)
HPRegen  0.09/turn              (no ring)
MPRegen  0.08/turn              (no ring)

@: lethally poisoned (-5 -> -15), flying
A: rot immunity
a: no special abilities


You were on level 2 of the Dungeon.
You were not hungry.

You visited 1 branch of the dungeon, and saw 2 of its levels.

You collected 27 gold pieces.

Inventory:

Hand Weapons
 a - a +0 falchion (weapon)
Armour
 b - a +0 robe (worn)
Scrolls
 e - a scroll of fog {unknown}
 j - 2 scrolls of teleportation {unknown}
 l - a scroll of identify {unknown}
Potions
 d - a potion of flight
 i - a potion of haste {unknown}
 k - a potion of might {unknown}
Comestibles
 c - 2 bread rations
 g - a meat ration
 h - a royal jelly


   Skills:
 + Level 3.4 Fighting
 + Level 3.1 Long Blades
 + Level 3.1 Dodging
 + Level 1.8 Stealth


You had 2 spell levels left.
You didn't know any spells.

Dungeon Overview and Level Annotations

Branches:
Dungeon (2/15)

Altars:


Innate Abilities, Weirdness & Mutations

You are immune to rotting.


Message History

You feel sick. The goblin hits you but does no damage.
You hit the goblin.
The goblin is severely wounded.
You feel sick. The goblin hits you with a club.
* * * LOW HITPOINT WARNING * * *
You closely miss the goblin.
The goblin is severely wounded.
* * * LOW HITPOINT WARNING * * *
You feel sick. The goblin hits you with a club.
* * * LOW HITPOINT WARNING * * *
It was a potion of flight.
You feel very buoyant.
You fly up into the air.
* * * LOW HITPOINT WARNING * * *
You feel sick. The goblin hits you with a club.
* * * LOW HITPOINT WARNING * * *
It was a potion of magic.
Magic courses through your body.
* * * LOW HITPOINT WARNING * * *
You feel sick. The goblin hits you with a club!
You die...

## ..########## #(......$
#..........# #........
...........#### #........
#............# #....g...
#...........# ##........
###........#### .........
..............#######.....#
#####.#.#####...@g.......#
#..#<# ######.#...### #.
#.# #......# #. #.#
........# . #.. #.###..####
## ### .. ..## .# .### ..


You could see a goblin.

Vanquished Creatures
  An ooze (D:1)
  5 bats
  2 goblins
  4 hobgoblins (D:1)
  8 jackals (D:1)
  4 kobolds (D:1)
  2 rats
26 creatures vanquished.

Notes
Turn   | Place    | Note
-------+----------+-------------------------------------------
     0 | D:1      | slep the Demonspawn Monk began the quest for the Orb.
     0 | D:1      | Reached XP level 1. HP: 18/18 MP: 1/1
   108 | D:1      | Gained mutation: You are immune to rotting. [demonic ancestry]
   108 | D:1      | Reached XP level 2. HP: 16/24 MP: 2/2
   531 | D:1      | Reached XP level 3. HP: 25/29 MP: 3/3
   664 | D:2      | Slain by a goblin

Vault maps used:
D:1:      grunt_arrival_lava_bath, kennysheep_flooded_box
D:2:      lemuel_blue_sif_altar, marbit_many_paths, grunt_ministairs_15

Skill      XL: |  1  2 |
---------------+-------+-----
Dodging        | 3 |  3.1
Long Blades    | 3 |  3.1
Fighting       | |  3.4
Stealth        | |  1.8

Action                   || total
-------------------------++-------
Melee: Falchion          ||    63
  Use: Potion            ||     2
 Stab: Sleeping          ||     1
Armor: Robe              ||    23
Dodge: Dodged            ||    78
       Rpst.: Falchion   ||    29

Table legend:
 A = Spawn XP
 B = Non-spawn XP
 C = Spawn XP percentage of total XP
 D = Spawn monster count
 E = Non-spawn monster count
 F = Spawn count percentage of total count
 G = Total turns spent on level
                    A         B        C        D         E        F      G
               +---------+---------+-------+---------+---------+-------+---------
         Total |       0 |      50 |   0.0 |       0 |      26 |   0.0 |   664
               +---------+---------+-------+---------+---------+-------+---------
           D:1 |       0 |      46 |   0.0 |       0 |      23 |   0.0 |   631
           D:2 |       0 |       4 |   0.0 |       0 |       3 |   0.0 |    33
               +---------+---------+-------+---------+---------+-------+---------
